 Dungeon Crawl Stone Soup version 0.31-a0-889-g1a8549509d (webtiles) character file.

Game seed: 11561035107397230286

26 Xavori the Cutter (level 3, 0/26 HPs)
             Began as an Octopode Chaos Knight on Oct 17, 2023.
             Was a Plaything of Xom.
             Slain by a bat (1 damage)
             ... summoned by Xom
             ... on level 1 of the Dungeon.
             The game lasted 00:00:38 (1316 turns).

Xavori the Cutter (Octopode Chaos Knight)           Turns: 1316, Time: 00:00:38

Health: 0/26       AC:  2    Str: 11    XL:     3   Next: 8%
Magic:  3/3        EV: 13    Int: 14    God:    Xom [......]
Gold:   125        SH:  0    Dex: 13    Spells: 2/2 levels left

rFire   . . .        a - +0 short sword (chaos)
rCold   . . .        (no shield)
rNeg    . . .        (helmet restricted)
rPois   .            (no amulet)
rElec   .            (no ring)
rCorr   .            (no ring)
SInv    .            (no ring)
Will    .....        (no ring)
Stlth   +++          (no ring)
HPRegen 0.24/turn    (no ring)
MPRegen 0.08/turn    (no ring)
                     (no ring)

%: no passive effects
@: no status effects
A: almost no armour, amphibious, 8 rings, camouflage 1, gelatinous body 1,
(nimble swimmer 1), tentacles, shaggy fur 1
a: Renounce Religion


You were on level 1 of the Dungeon.
You worshipped Xom.
You were a very special plaything of Xom.
You visited 1 branch of the dungeon, and saw 2 of its levels.

You collected 125 gold pieces.

Inventory:

Hand Weapons
 a - a +0 short sword of chaos (weapon)
Scrolls
 b - a scroll of butterflies
 c - a scroll of fear {unknown}
 e - a scroll of enchant armour {unknown}
 i - a scroll of enchant weapon {unknown}
Potions
 d - 3 potions of enlightenment {unknown}
 f - a potion of lignification {unknown}
 g - a potion of degeneration {unknown}
 h - a potion of attraction {unknown}


   Skills:
 + Level 3.2 Fighting
 + Level 3.5 Short Blades
 + Level 2.6 Dodging
 + Level 1.0 Stealth


You had 2 spell levels left.
You didn't know any spells.
Your spell library was empty.

Dungeon Overview and Level Annotations

Branches:
Dungeon (2/15)

Altars:


Innate Abilities, Weirdness & Mutations

You cannot wear most types of armour.
You are amphibious.
You can wear up to eight rings at the same time.
Your skin changes colour to match your surroundings (Stealth+).
Your rubbery body absorbs attacks. (AC +1, EV +1)
((You are camouflaged when in or above water. (Stealth+)))
You have tentacles for arms and can constrict up to eight enemies at once.
You are covered in fur. (AC +1)


Message History

The quasit barely misses you. The quasit closely misses you.
The quasit barely misses you. The white imp hits you.
The white imp freezes you.
You climb upwards.
The hobgoblin misses you. The hobgoblin hits you. The endoplasm freezes you.
You are frozen.
There is a stone staircase leading down here.
You hit the endoplasm.
The endoplasm is moderately wounded.
The endoplasm freezes you.
You are frozen.
The hobgoblin hits you. x2
* * * LOW HITPOINT WARNING * * *
The hobgoblin barely misses you.
The endoplasm attacks as it pursues you!
The endoplasm hits you.
* * * LOW HITPOINT WARNING * * *
The hobgoblin attacks as it pursues you!
The hobgoblin hits you.
* * * LOW HITPOINT WARNING * * *
You hit the endoplasm. You burn the endoplasm.
The endoplasm is severely wounded.
The endoplasm closely misses you.
You barely miss the endoplasm. Your squeeze misses the endoplasm.
The endoplasm is severely wounded.
The bat hits you but does no damage. The endoplasm freezes you.
You are frozen.
* * * LOW HITPOINT WARNING * * *
The bat barely misses you.
You hit the endoplasm.
You kill the endoplasm!
The endoplasm disappears in a puff of smoke!
The bat barely misses you.
You closely miss the bat. Your grab misses the bat.
Your squeeze misses the bat. The bat hits you but does no damage.
The hobgoblin barely misses you. The bat hits you but does no damage.
The bat hits you.
You die...
Xom yawns loudly!

######### ###### #......[.
#....## #######........
#..#..###### ###.....#........
##.........###.......#........
#..........g.......#######...
##........##........###.##.#.
#......>.##@.........)......
#.#......##.b.......#÷.##.##
#.#......##........#..##....
######>#......##.####.....###.#.#
.....#.##........####..#.##...#.#
.....#.##..............#.##.###..
...............##.##)#)..#......#
##.###..#............#..##.......
#.####....#..............÷......


You could see a hobgoblin (summoned) and a bat (summoned).

Vanquished Creatures
  A gnoll (D:1)
  An endoplasm (D:2)
  A giant cockroach (D:1)
  2 goblins (D:1)
  A hobgoblin (D:2)
  A quokka (D:1)
  2 ball pythons (D:1)
  4 bats (D:1)
  A frilled lizard (D:1)
  2 kobolds (D:1)
  2 rats (D:1)
18 creatures vanquished.

Notes
Turn   | Place    | Note
-------+----------+-------------------------------------------
     0 | D:1      | Xavori the Octopode Chaos Knight began the quest for the
                  | Orb.
     0 | D:1      | Reached XP level 1. HP: 16/16 MP: 1/1
   134 | D:1      | XOM: silly message
   172 | D:1      | Reached XP level 2. HP: 20/21 MP: 2/2
   222 | D:1      | You fall into a shaft and drop 1 floor!
   299 | D:1      | Reached skill level 1 in Stealth
   299 | D:1      | Reached XP level 3. HP: 26/26 MP: 3/3
   482 | D:1      | XOM: divination: detect creatures
  1014 | D:1      | XOM: give mutations
  1014 | D:1      | Gained mutation: You are frail. (-10% HP) [Xom's mischief]
  1014 | D:1      | Lost mutation: You are frail. (-10% HP) [Xom's mischief]
  1014 | D:1      | Gained mutation: You are covered in fur. (AC +1) [Xom's
                  | mischief]
  1288 | D:1      | XOM: summons 4 hostile shadow creatures
  1304 | D:2      | XOM: summons 2 hostile demons
  1312 | D:1      | HP: 1/26 [frozen[Xom] (3)]
  1316 | D:1      | Slain by a bat

Illustrated notes

Levels and vault maps discovered:
D:1:      minmay_arrival_hallway, layout_rooms
D:2:      layout_loops_ring, basic_altar, serial_aquarium,
          aquarium_bridge_long_separate [aquarium_subvault_wall,
          aquarium_subvault_bridge, aquarium_subvault_wall,
          aquarium_subvault_bridge, aquarium_subvault_bridge,
          aquarium_subvault_window], aquarium_bridge_straight
          [aquarium_subvault_bridge, aquarium_subvault_wall,
          aquarium_subvault_bridge, aquarium_subvault_wall],
          aquarium_window_corridor_3, aquarium_window_1, aquarium_window_1,
          aquarium_window_2, aquarium_view_2b, serial_shops,
          nicolae_shop_tiny_statue_garden,
          hellmonk_ecumenical_altar_heavens_door, uniq_sigmund

Skill      XL: |  1  2 |
---------------+-------+-----
Stealth        | 1 |  1.0
Fighting       | |  3.2
Short Blades   | |  3.5
Dodging        | |  2.6

Action                     || total
---------------------------++-------
  Melee: Short sword       ||    41
         Constrict         ||     8
         Tentacles         ||     5
   Stab: Sleeping          ||     2
 Armour: Skin              ||    20
  Dodge: Dodged            ||    31

Table legend: (Time is in decaauts)
 A = Elapsed time spent in this place.
 B = Non-inter-level travel time spent in this place.
 C = Inter-level travel time spent in this place.
 D = Time resting spent in this place.
 E = Time spent auto-exploring this place.
 F = Levels seen in this place.
 G = Mean time per level.
                   A        B        C        D        E       F      G
               +--------+--------+--------+--------+--------+-----+--------+
         Total |   1310 |   1273 |     37 |    788 |    368 |   2 |  655.0 |
       Dungeon |   1310 |   1273 |     37 |    788 |    368 |   2 |  655.0 |
               +--------+--------+--------+--------+--------+-----+--------+

Top non-repeatable levels by time:
     D:1: 1222 daAuts
     D:2: 87 daAuts
